 Dungeon Crawl Stone Soup version 0.22-a0-447-gee5f723 (webtiles) character file.

4415 KristoblXynda the Covert (level 10, -14/123 HPs)
             Began as a Naga Transmuter on June 3, 2018.
             Was a Priest of Yredelemnul.
             Demolished by an ogre
             ... wielding a +0 giant club
              (21 damage)
             ... on level 8 of the Dungeon.
             The game lasted 00:30:34 (10515 turns).

KristoblXynda the Covert (Naga Transmuter)         Turns: 10515, Time: 00:30:35

Health: -14/123    AC: 11    Str: 21    XL:     10   Next: 36%
Magic:  13/13      EV: 10    Int: 15    God:    Yredelemnul [***...]
Gold:   296        SH:  0    Dex: 18    Spells: 9/13 levels left

rFire    + + .     SeeInvis +   E - +5 spear of Gasa {freeze, rF+ MR+ Str+2}
rCold    + . .     Gourm    .   (no shield)
rNeg     . . .     Faith    .   c - +2 leather armour {rF+}
rPois    +         Spirit   .   k - +0 helmet
rElec    .         Reflect  .   h - +1 cloak
rCorr    .         Harm     .   r - +0 pair of gloves
MR       ++...                  (no barding)
Stlth    ..........             (no amulet)
HPRegen  0.30/turn              p - +6 ring of dexterity
MPRegen  0.13/turn              q - ring of protection from cold

@: berserking, quick
A: large, see invisible, deformed body, poison resistance, slowness 2, slow
metabolism 1, spit poison 1, AC +3
a: Spit Poison, Recall Undead Slaves, Injury Mirror, Animate Dead, Renounce
Religion


You were on level 8 of the Dungeon.
You worshipped Yredelemnul.
Yredelemnul was most pleased with you.
You were very hungry.

You visited 2 branches of the dungeon, and saw 9 of its levels.
You also visited: Sewer and Ossuary.

You collected 296 gold pieces.

Inventory:

Hand Weapons
 E - the +5 spear of Gasa (weapon) {freeze, rF+ MR+ Str+2}
   (You found it on level 7 of the Dungeon)

   It has been specially enchanted to freeze those struck by it, causing extra
   injury to most foes and up to half again as much damage against particularly
   susceptible opponents.
   It can also slow down cold-blooded creatures.
   It affects your strength (+2).
   It protects you from fire.
   It affects your resistance to hostile enchantments.
Armour
 c - a +2 leather armour of fire resistance (worn)
 h - a +1 cloak (worn)
 k - a +0 helmet (worn)
 l - +0 steam dragon scales
 r - a +0 pair of gloves (worn)
Jewellery
 o - an uncursed ring of poison resistance
 p - a +6 ring of dexterity (left hand)
 q - a ring of protection from cold (right hand)
 y - an uncursed ring of magical power {unknown}
 D - an uncursed ring of stealth {unknown}
Wands
 w - a wand of scattershot (2)
Scrolls
 a - a scroll of identify
 b - a scroll of blinking {unknown}
 e - 5 scrolls of remove curse
 f - 2 scrolls of magic mapping
 g - 3 scrolls of teleportation
 i - a scroll of enchant armour
 t - 3 scrolls of fog
 x - 2 scrolls of immolation {unknown}
Potions
 j - 3 potions of brilliance
 m - a potion of haste
 n - a potion of curing
 u - a potion of might
 v - a potion of cancellation
 z - 2 potions of invisibility {unknown}
 A - a potion of lignification
 B - 2 potions of magic {unknown}
Comestibles
 d - 13 rations


   Skills:
 + Level 2.8 Fighting
 + Level 2.0 Armour
 - Level 1.5 Dodging
 + Level 11.2 Stealth
 - Level 10.2 Unarmed Combat
 - Level 2.0 Spellcasting
 + Level 7.7 Transmutations


You had 9 spell levels left.
You knew the following spells:

 Your Spells              Type           Power        Failure   Level  Hunger
a - Beastly Appendage     Tmut           ###...       1%          1    #......
b - Spider Form           Tmut/Pois      ##........   16%         3    ###....

Your spell library contained the following spells:

 Spells                   Type           Power        Failure   Level  Hunger
 Cause Fear               Hex            #.........   94%         4    #####..
 Fireball                 Conj/Fire      #.........   100%        5    ######.
 Confuse                  Hex            #.......     58%         3    ###....
 Blade Hands              Tmut           ###.......   30%         5    ######.
 Ice Form                 Ice/Tmut       ##......     45%         4    #####..
 Ignite Poison            Fire/Tmut/Pois #.......     26%         3    ###....
 Sticks to Snakes         Tmut           ###.....     1%          2    ###....


Dungeon Overview and Level Annotations

Branches:
Dungeon (8/15)             Temple (1/1) D:6
   Lair: D:8-11

Altars:
Ashenzari
Cheibriados
Dithmenos
Elyvilon
Fedhas
Gozag
Hepliaklqana
Makhleb
Okawaru
Qazlal
Ru
Vehumet
Wu Jian
Yredelemnul
Zin
The Shining One

Shops:
D:5 !}


Innate Abilities, Weirdness & Mutations

You cannot wear boots.
Your serpentine skin is tough. (AC +3)
You have supernaturally acute eyesight. (SInv)
Armour fits poorly on your strangely shaped body.
Your system is resistant to poisons. (rPois)
You cover ground very slowly.
You have a slow metabolism.
You can spit poison.


Message History

You feel yourself moving faster!
You feel mighty! The killer bee barely misses you.
The killer bee closely misses you.
Your killer bee zombie closely misses the killer bee.
The killer bee misses you. The killer bee stings you.
* * * LOW HITPOINT WARNING * * *
Your killer bee zombie misses the killer bee.
The ogre hits you but does no damage.
You closely miss the ogre. You punch the ogre!
The ogre is heavily wounded.
The killer bee closely misses you. The killer bee barely misses you.
Your killer bee zombie closely misses the killer bee.
The killer bee barely misses you. The killer bee stings you!
* * * LOW HITPOINT WARNING * * *
Your killer bee zombie closely misses the killer bee.
You hit the ogre. You freeze the ogre.
The ogre is severely wounded.
The killer bee barely misses you. The killer bee closely misses you.
The ogre hits you with a giant club!!
You die...
Your body rises from the dead as a mindless zombie.

#########
#.......# .
#.<.....# ..
#)......# ...
#.......# ....
#.......# .....
###.###O#......
#.Zy@y.......
+.####†####..
#.# .). ....#
.o(.# _.....
....#.. .o.$#..


You could see an ogre, 2 killer bees and a friendly killer bee zombie.

Vanquished Creatures
  Pikel (D:6)
  The ghost of nikopol the Magician, a novice DEFE (D:5)
  A wraith (Ossuary)
  Eustachio (D:6)
  2 steam dragons (D:5)
  Menkaure (D:6)
  Duvessa (D:5)
  A water moccasin (D:7)
  2 sky beasts (D:7)
  An orc warrior (D:6)
  An ice beast (D:5)
  An ogre (D:7)
  The ghost of crawlian the Insei, an amateur OpTm (D:4)
  4 bullfrogs
  Dowan (D:5)
  8 killer bees
  2 scorpions (D:7)
  A water moccasin skeleton (D:7)
  A howler monkey (D:7)
  4 crimson imps
  5 hounds
  6 orc priests
  A gnoll shaman (D:4)
  9 orc wizards
  Ijyb (D:4)
  3 iguanas
  5 worker ants
  2 mummies
  A howler monkey zombie (D:7)
  A worker ant zombie (D:5)
  8 gnolls
  8 adders
  5 shadow imps
  An adder zombie (D:5)
  2 worms
  3 dart slugs
  5 leopard geckos
  30 orcs
  5 ball pythons
  20 giant cockroaches
  4 goblins
  9 hobgoblins
  5 kobolds
  3 quokkas
  2 bats
  9 frilled lizards
  8 gnoll skeletons (Ossuary)
  A goblin zombie (D:5)
  7 kobold skeletons (Ossuary)
  10 orc skeletons (Ossuary)
  An orc zombie (D:5)
  12 rats
228 creatures vanquished.

Vanquished Creatures (collateral kills)
  2 orc warriors
  An ogre (D:7)
  A bullfrog (D:8)
  A killer bee (D:7)
  A hound (D:7)
  2 orc wizards (D:7)
  An orc priest (D:7)
  2 orcs (D:7)
11 creatures vanquished.

Vanquished Creatures (others)
  3 killer bee zombies
  A hound zombie (D:8)
  A scorpion zombie (D:7)
  A giant cockroach zombie (D:6)
  3 orc zombies
9 creatures vanquished.

Grand Total: 248 creatures vanquished

Notes
Turn   | Place    | Note
-------+----------+-------------------------------------------
     0 | D:1      | KristoblXynda the Naga Transmuter began the quest for the Orb.
     0 | D:1      | Reached XP level 1. HP: 18/18 MP: 3/3
   357 | D:1      | Reached skill level 1 in Stealth
   573 | D:1      | Reached XP level 2. HP: 17/25 MP: 5/5
  1449 | D:2      | Reached XP level 3. HP: 30/31 MP: 6/6
  1502 | D:2      | Reached skill level 2 in Stealth
  1846 | D:2      | Learned a level 3 spell: Spider Form
  1861 | D:2      | Found a stormy altar of Qazlal.
  1928 | D:2      | Found a burning altar of Makhleb.
  1933 | D:2      | Noticed a green death
  1934 | D:2      | Found a glowing silver altar of Zin.
  1934 | D:2      | Noticed an angel
  1976 | D:2      | Reached XP level 4. HP: 31/38 MP: 7/7
  2868 | D:3      | Reached skill level 3 in Stealth
  3200 | D:3      | Found a basalt altar of Yredelemnul.
  3208 | D:3      | Became a worshipper of Yredelemnul the Dark
  3228 | D:3      | Found a shadowy altar of Dithmenos.
  3416 | D:3      | Found a glowing golden altar of the Shining One.
  3518 | D:4      | Reached XP level 5. HP: 34/44 MP: 8/8
  3582 | D:4      | Noticed crawlian's ghost (amateur OpTm)
  3602 | D:4      | Killed crawlian's ghost
  3602 | D:4      | Reached skill level 4 in Stealth
  3602 | D:4      | Reached skill level 5 in Unarmed Combat
  3602 | D:4      | Reached XP level 6. HP: 40/51 MP: 9/9
  3747 | D:4      | Noticed Ijyb
  4043 | D:4      | Killed Ijyb
  4525 | D:4      | Identified the Guide on the Volcanoes and Hexes
  4679 | D:4      | Reached skill level 5 in Stealth
  4809 | D:5      | Entered Level 5 of the Dungeon
  4819 | D:5      | Noticed nikopol's ghost (novice DEFE)
  4836 | D:5      | Found a sand-covered staircase.
  4842 | D:5      | Reached XP level 7. HP: 57/57 MP: 10/10
  4852 | Ossuary  | Entered an ossuary
  4852 | Ossuary  | Noticed a wraith
  4852 | Ossuary  | Noticed a wraith
  4852 | Ossuary  | Noticed a wraith
  5032 | Ossuary  | Reached * piety under Yredelemnul
  5121 | Ossuary  | Noticed a wraith
  5142 | Ossuary  | Killed a wraith
  5273 | D:5      | Killed nikopol's ghost
  5273 | D:5      | Reached skill level 6 in Stealth
  5273 | D:5      | Reached XP level 8. HP: 26/64 MP: 11/11
  5512 | D:5      | Found Zeeqaxt's Gadget Shop.
  5530 | D:5      | Found Ateqicw's Distillery.
  5640 | D:5      | Reached skill level 5 in Transmutations
  5649 | D:5      | Reached skill level 7 in Stealth
  5673 | D:5      | Reached ** piety under Yredelemnul
  6528 | D:5      | Noticed Duvessa
  6535 | D:5      | Noticed Dowan
  6541 | D:5      | Killed Duvessa
  6541 | D:5      | Reached skill level 8 in Stealth
  6565 | D:5      | Killed Dowan
  7333 | D:6      | Reached XP level 9. HP: 70/70 MP: 12/12
  7351 | D:6      | Found a glowing drain.
  7377 | Sewer    | Entered a sewer
  7528 | Sewer    | Reached *** piety under Yredelemnul
  7880 | D:6      | Found a staircase to the Ecumenical Temple.
  7916 | Temple   | Entered the Ecumenical Temple
  8164 | D:6      | Noticed Eustachio
  8188 | D:6      | Killed Eustachio
  8188 | D:6      | Reached skill level 9 in Stealth
  8392 | D:6      | Noticed Pikel
  8454 | D:6      | HP: 3/70 [orc priest/divine providence (11)]
  8763 | D:6      | Killed Pikel
  8931 | D:6      | Received a gift from Yredelemnul (a mummy)
  8987 | D:6      | Noticed Menkaure
  8994 | D:6      | Killed Menkaure
  9359 | D:7      | Reached skill level 10 in Stealth
  9399 | D:7      | Reached skill level 10 in Unarmed Combat
  9666 | D:7      | Reached XP level 10. HP: 70/78 MP: 13/13
  9814 | D:7      | Reached skill level 1 in Armour
  9839 | D:7      | Received a gift from Yredelemnul (a mummy)
 10443 | D:7      | Got a smoking spear
 10444 | D:7      | Identified the +5 spear of Gasa {freeze, rF+ MR+ Str+2} (You found it on level 7 of the Dungeon)
 10468 | D:8      | Found a glowing golden altar of the Shining One.
 10481 | D:8      | Reached skill level 11 in Stealth
 10514 | D:8      | HP: 6/123 [killer bee (9)]
 10515 | D:8      | Demolished by an ogre

Vault maps used:
D:1:      dpeg_arrival_tiny_c
D:2:      grunt_temple_overflow_order_and_chaos_2, grunt_qazlal_clouds
D:3:      cheibrodos_helix_gallery, lemuel_doored_altar,
          overflow_temple_1_default, first_ration, tso_altar
D:4:      uniq_ijyb
D:5:      kennysheep_steamy, nicolae_ossuary_entry_giza, serial_shops,
          shop_fountains, shop, kennysheep_another_room, uniq_duvessa
D:6:      temple_doors_ab, portal_sewer_entry_c, uniq_pikel, uniq_eustachio,
          uniq_menkaure
D:7:      minmay_flawed_box
D:8:      nemelex_xobeh_ov_fountains_minmay, lemuel_zombie_altar_kikubaaqudgha,
          old_standard_altar, uniq_joseph
Temple:   jpeg_temple_alley_garden
Sewer:    sewer_frog_island_01
Ossuary:  ossuary_due_mausoleum

Skill      XL: |  1  2  3  4  5  6  7  8  9 10 |
---------------+-------------------------------+-----
Stealth        | 1 2 3 4 5 6 8 10 11 | 11.2
Unarmed Combat | 4 5 6 8 10 | 10.2
Transmutations | 3 4 5 7 |  7.7
Armour         | 2 |  2.0
Fighting       | 2 |  2.8
Dodging        | |  1.5
Spellcasting   | |  2.0

Action                   |  1- 3 |  4- 6 |  7- 9 | 10-12 || total
-------------------------+-------+-------+-------+-------++-------
Melee: Unarmed           |   157 |   214 |   489 |    73 ||   933
       Punch             |       |     5 |    17 |     8 ||    30
       Spear             |       |       |       |    25 ||    25
Throw: Throwing net      |       |       |     2 |       ||     2
 Cast: Beastly Appendage |     1 |       |       |       ||     1
       Spider Form       |       |     2 |     6 |     2 ||    10
Invok: Animate Dead      |       |       |     5 |     2 ||     7
 Abil: Spit Poison       |    11 |    23 |    24 |     2 ||    60
Evoke: Wand              |       |       |     5 |     3 ||     8
  Use: Scroll            |       |     9 |     6 |       ||    15
       Potion            |       |     5 |     5 |     5 ||    15
 Stab: Sleeping          |     3 |     5 |     4 |     1 ||    13
       Distracted        |       |     1 |     3 |       ||     4
  Eat: Chunk             |     1 |     5 |    13 |     2 ||    21
       Ration            |     1 |     1 |     1 |       ||     3
Armor: Robe              |    35 |    45 |    71 |       ||   151
       Steam dragon scal |       |       |    25 |       ||    25
       Leather armour    |       |       |    94 |    42 ||   136
       Skin              |       |       |     3 |    67 ||    70
Dodge: Dodged            |    64 |   124 |   266 |    95 ||   549

Table legend:
 A = Spawn XP
 B = Non-spawn XP
 C = Spawn XP percentage of total XP
 D = Spawn monster count
 E = Non-spawn monster count
 F = Spawn count percentage of total count
 G = Total turns spent on level
                    A         B        C        D         E        F      G
               +---------+---------+-------+---------+---------+-------+---------
         Total |       0 |    6308 |   0.0 |       0 |     239 |   0.0 | 10515
               +---------+---------+-------+---------+---------+-------+---------
           D:1 |       0 |      32 |   0.0 |       0 |      19 |   0.0 |  1381
           D:2 |       0 |      60 |   0.0 |       0 |      20 |   0.0 |   960
           D:3 |       0 |      66 |   0.0 |       0 |      24 |   0.0 |  1163
           D:4 |       0 |     435 |   0.0 |       0 |      18 |   0.0 |  1305
           D:5 |       0 |    1458 |   0.0 |       0 |      36 |   0.0 |  2089
           D:6 |       0 |    1516 |   0.0 |       0 |      27 |   0.0 |  1577
           D:7 |       0 |    1687 |   0.0 |       0 |      38 |   0.0 |  1133
           D:8 |       0 |     649 |   0.0 |       0 |      11 |   0.0 |    55
         Sewer |       0 |     150 |   0.0 |       0 |      19 |   0.0 |   283
       Ossuary |       0 |     255 |   0.0 |       0 |      27 |   0.0 |   338
               +---------+---------+-------+---------+---------+-------+---------
